 Dungeon Crawl Stone Soup version 0.27-a0-385-g3208abaabc (webtiles) character file.

Game seed: 14896190280217066545

0 Chiseanne the Conjurer (level 1, -1/15 HPs)
             Began as a Demonspawn Wanderer on Feb 19, 2021.
             Hit by a stone thrown by a kobold (3 damage)
             ... on level 1 of the Dungeon.
             The game lasted 00:00:20 (98 turns).

Chiseanne the Conjurer (Demonspawn Wanderer)          Turns: 98, Time: 00:00:21

Health: -1/15      AC:  2    Str: 14    XL:     1   Next: 8%
Magic:  3/3        EV:  8    Int: 12    God:
Gold:   44         SH:  7    Dex: 11    Spells: 4/4 levels left

rFire    . . .     SeeInvis .   a - +0 spear
rCold    . . .     Faith    .   b - +0 kite shield
rNeg     . . .     Spirit   .   d - +0 robe
rPois    .         Reflect  .   (no helmet)
rElec    .         Harm     .   (no cloak)
rCorr    .         Rampage  .   (no gloves)
Will     .....                  (no boots)
Stlth    +.........             (no amulet)
HPRegen  0.05/turn              (no ring)
MPRegen  0.08/turn              (no ring)

@: no status effects
A: no striking features
a: no special abilities


You were on level 1 of the Dungeon.
You visited 1 branch of the dungeon, and saw 1 of its levels.

You collected 44 gold pieces.

Inventory:

Hand Weapons
 a - a +0 spear (weapon)
Missiles
 e - 18 bolts
Armour
 b - a +0 kite shield (worn)
 d - a +0 robe (worn)
Jewellery
 f - an amulet of reflection {unknown}
Scrolls
 g - a scroll of magic mapping {unknown}


   Skills:
 * Level 1.0 Fighting
 - Level 1.7 Polearms
 * Level 0.0 Dodging
 * Level 1.8 Shields
 - Level 2.0 Spellcasting
 - Level 2.0 Conjurations
 - Level 1.1 Necromancy


You had 4 spell levels left.
You didn't know any spells.
Your spell library was empty.

Dungeon Overview and Level Annotations

Branches:
Dungeon (1/15)

Altars:


Message History

The kobold throws a stone.
The stone closely misses you.
You closely miss the kobold. The kobold hits you.
* * * LOW HITPOINT WARNING * * *
You feel better.
The frilled lizard hisses.
The kobold hits you but does no damage.
You hit the kobold.
The kobold is moderately wounded.
The kobold barely misses you.
You barely miss the kobold.
The kobold is moderately wounded.
You block the kobold's attack.
You hit the kobold but do no damage.
The kobold is moderately wounded.
You block the kobold's attack. The kobold barely misses you.
You hit the kobold but do no damage.
The kobold is moderately wounded.
The kobold hits you.
Your shield prevents you from hitting the kobold.
The kobold is moderately wounded.
The kobold barely misses you.
You barely miss the kobold.
The kobold is moderately wounded.
The kobold hits you. The kobold closely misses you.
You hit the kobold but do no damage.
The kobold is moderately wounded.
The kobold hits you.
* * * LOW HITPOINT WARNING * * *
You barely miss the kobold.
The kobold is moderately wounded.
You block the kobold's attack.
You closely miss the kobold.
The kobold is moderately wounded.
The kobold barely misses you.
You hit the kobold.
You kill the kobold!
You hit the rat.
You kill the rat!
The kobold throws a stone.
The stone hits you.
You die...

######### #######
##........
#.....######...######
# #.......#.....#
#.#....##>##...##
#.#.#..##.###.##
#............#@#
###.#####.###†##
#.#####.###K##
#.......##.l.#
#####.#######.....#
#.>....# #.......#
#......####.........#
#.........+.........+
#......####.........#


You could see a kobold and a frilled lizard.

Vanquished Creatures
  A kobold (D:1)
  A rat (D:1)
2 creatures vanquished.

Notes
Turn   | Place    | Note
-------+----------+-------------------------------------------
     0 | D:1      | Chiseanne the Demonspawn Wanderer began the quest for the
                  | Orb.
     0 | D:1      | Chiseanne set off with the following items: a +0 spear, a
                  | +0 kite shield, a potion of curing, a +0 robe
     0 | D:1      | Reached XP level 1. HP: 15/15 MP: 3/3
    98 | D:1      | Hit by a stone thrown by a kobold

Illustrated notes

Levels and vault maps discovered:
D:1:      dpeg_arrival_ternary, layout_loops_corners

Action                   || total
-------------------------++-------
Melee: Spear             ||    16
  Use: Potion            ||     1
Armor: Robe              ||     3
Dodge: Dodged            ||    13
Block: Kite shield       ||     7

Table legend: (Time is in decaauts)
 A = Elapsed time spent in this place.
 B = Non-inter-level travel time spent in this place.
 C = Inter-level travel time spent in this place.
 D = Time resting spent in this place.
 E = Time spent auto-exploring this place.
 F = Levels seen in this place.
 G = Mean time per level.
                   A        B        C        D        E       F      G
               +--------+--------+--------+--------+--------+-----+--------+
         Total |    102 |    102 |      0 |      0 |     73 |   1 |  102.0 |
       Dungeon |    102 |    102 |      0 |      0 |     73 |   1 |  102.0 |
               +--------+--------+--------+--------+--------+-----+--------+

Top non-repeatable levels by time:
     D:1: 102 daAuts
